 Dungeon Crawl Stone Soup version 0.29-a0-653-gd47aff6735 (webtiles) character file.

Game seed: 7489753735452801955

1943 Zonian the Sneak (level 9, -3/39 HPs)
             Began as a Vine Stalker Ice Elementalist on June 22, 2022.
             Was an Elder of Fedhas.
             Slain by Prince Ribbit (6 damage)
             ... on level 6 of the Dungeon.
             The game lasted 00:22:36 (9833 turns).

Zonian the Sneak (Vine Stalker Ice Elementalist)    Turns: 9833, Time: 00:22:42

Health: -3/39      AC:  5    Str: 12    XL:     9   Next: 18%
Magic:  0/17       EV: 13    Int: 15    God:    Fedhas [****..]
Gold:   334        SH:  0    Dex: 18    Spells: 8/18 levels left

rFire   . . .      SeeInvis .   v - +2 dagger (elec)
rCold   . . .      Faith    .   (no shield)
rNeg    . . .      Spirit   +   e - +2 leather armour {rPois}
rPois   +          Reflect  .   (no helmet)
rElec   .          Harm     .   (no cloak)
rCorr   .          Rampage  .   (no gloves)
Will    +....                   (no boots)
Stlth   +++.......              (no amulet)
HPRegen 0.93/turn               (no ring)
MPRegen 0.15/turn               (no ring)

@: freezing walls
A: fangs 3, regeneration 1, magic shield, antimagic bite, no potion heal 2
a: Renounce Religion, Wall of Briars, Grow Ballistomycete, Overgrow


You were on level 6 of the Dungeon.
You worshipped Fedhas.
Fedhas was greatly pleased with you.
You visited 1 branch of the dungeon, and saw 6 of its levels.
You also visited: Sewer.

You collected 334 gold pieces.

Inventory:

Hand Weapons
 g - a +0 dagger
 h - a +0 short sword
 j - a +0 hunting sling
 v - a +2 dagger of electrocution (weapon)
 w - a +2 short sword of freezing
Armour
 a - a +0 robe
 e - a +2 leather armour of poison resistance (worn)
Wands
 t - a wand of iceblast (7)
 x - a wand of acid (11)
 y - a wand of charming (9)
Scrolls
 d - 2 scrolls of blinking
 o - a scroll of poison
 p - 2 scrolls of immolation
 q - a scroll of enchant armour
 r - 5 scrolls of teleportation
 s - 4 scrolls of amnesia
 u - a scroll of identify
Potions
 b - 4 potions of magic
 c - 3 potions of mutation
 f - 2 potions of haste
 i - a potion of attraction
 k - a potion of invisibility
 l - 2 potions of resistance
 m - 4 potions of curing
 n - 5 potions of flight


   Skills:
 + Level 3.1 Armour
 + Level 4.3 Dodging
 + Level 6.7 Stealth
 + Level 5.2 Spellcasting
 + Level 2.0 Translocations
 + Level 6.4 Ice Magic
 + Level 3.9 Invocations


You had 8 spell levels left.
You knew the following spells:

 Your Spells              Type           Power      Damage    Failure   Level
a - Freeze                Ice            92%        1d10      1%          1
b - Frozen Ramparts       Ice            46%        1d6       4%          3
c - Ozocubu's Armour      Ice            23%        N/A       4%          3
d - Lesser Beckoning      Tloc           10%        N/A       26%         3

Your spell library contained the following spells:

 Spells                   Type           Power      Damage    Failure   Level
 Sandblast                Erth           6%         2d5       21%         1
 Gell's Gravitas          Tloc           10%        N/A       26%         3
 Teleport Other           Tloc           10%        N/A       26%         3
 Passwall                 Tmut/Erth      2%         N/A       30%         2
 Poisonous Vapours        Pois/Air       6%         N/A       30%         2
 Portal Projectile        Hex/Tloc       14%        N/A       36%         3
 Hailstorm                Conj/Ice       13%        3d5       47%         4
 Stone Arrow              Conj/Erth      6%         3d7       52%         3
 Tukima's Dance           Hex            3%         N/A       52%         3
 Corpse Rot               Necr/Pois/Air  3%         N/A       90%         4
 Blade Hands              Tmut           1%         N/A       99%         5


Dungeon Overview and Level Annotations

Branches:
Dungeon (6/15)             Temple (0/1) D:6           Sewer (visited)

Altars:
Fedhas
Gozag
Trog
Xom

Shops:
D:2 :([!   D:3 [

Annotations:
D:6 Prince Ribbit


Innate Abilities, Weirdness & Mutations

You have razor-sharp teeth.
Your natural rate of healing is unusually fast.
When hurt, damage is shared between your health and your magic reserves.
Your bite disrupts and absorbs the magic of your enemies.
Potions cannot restore your health.


Message History

Prince Ribbit comes into view.
Unknown command.
Found a trident.
Prince Ribbit gives a loud, deep croak!
Prince Ribbit blinks!
You hit Prince Ribbit. You bite Prince Ribbit!
Prince Ribbit's magic leaks into the air.
You drain his magic.
Prince Ribbit is moderately wounded.
Prince Ribbit hits you!
You hit Prince Ribbit. Your bite misses Prince Ribbit.
Prince Ribbit is heavily wounded.
Prince Ribbit hits you! Prince Ribbit misses you.
Unknown command.
You barely miss Prince Ribbit.
Prince Ribbit is heavily wounded.
Prince Ribbit closely misses you.
You hit Prince Ribbit.
You bite Prince Ribbit, but do no damage.
Prince Ribbit is heavily wounded.
Prince Ribbit falters for a moment.
Unknown command.
Casting: Frozen Ramparts (dangerous; 4% risk of failure)
Confirm with . or Enter, or press ? or * to list all spells.
Casting: Frozen Ramparts (dangerous; 4% risk of failure)
Press: ? - help, Dir - look around, f - activate The walls around you are covered in ice.
The wall freezes Prince Ribbit.
Prince Ribbit hits you!
The wall freezes Prince Ribbit.
Prince Ribbit hits you!
* * * LOW HITPOINT WARNING * * *
Unknown command.
Aiming: Corrosive Bolt
Press: ? - help, Shift-Dir - straight line, f - Prince Ribbit
Aim: Prince Ribbit (heavily wounded, magic disrupted, 50% to hit)
The bolt of acid hits Prince Ribbit!
Prince Ribbit is almost dead.
The wall freezes Prince Ribbit.
Prince Ribbit seems to slow down.
Prince Ribbit hits you!
You die...
Fedhas appreciates your contribution to the ecosystem.

### ### #.# #.# #.#
#.# #)# #.# #.# #.#
#.# #.# #.# #.# #@#
#.# #F# #.# ########
#.# #.# .......# #.#
#.# ######.#########.#
#.# ....##...........#
#.#
####################.#
.....................#
.#####################


You could see Prince Ribbit (slow, magic disrupted).

Vanquished Creatures
  A hornet (D:5)
  An ice beast (D:6)
  A black bear (D:5)
  3 ogres
  A phantom (D:4)
  Blork the orc (D:6)
  2 scorpions
  3 necrophages (D:5)
  3 hounds
  5 orc priests
  3 iguanas
  5 orc wizards
  A merfolk siren (Sewer)
  A merfolk avatar (Sewer)
  6 gnolls
  2 river rats (Sewer)
  13 adders
  An ufetubus (D:6)
  A worm (D:3)
  A dart slug (D:2)
  31 orcs
  11 endoplasms
  10 giant cockroaches
  6 hobgoblins
  3 jackals (D:2)
  6 kobolds
  7 quokkas
  13 ball pythons
  3 bats
  12 frilled lizards
  11 goblins
  33 rats
201 creatures vanquished.

Vanquished Creatures (collateral kills)
  An adder (D:4)
1 creature vanquished.

Grand Total: 202 creatures vanquished

Notes
Turn   | Place    | Note
-------+----------+-------------------------------------------
     0 | D:1      | Zonian the Vine Stalker Ice Elementalist began the quest
                  | for the Orb.
     0 | D:1      | Reached XP level 1. HP: 9/9 MP: 4/4
   400 | D:1      | Reached XP level 2. HP: 13/13 MP: 4/6
   937 | D:1      | Reached XP level 3. HP: 16/16 MP: 7/7
  1862 | D:2      | Found Evaesit's Weapon Shop.
  1905 | D:2      | Found Tick's Distillery.
  1908 | D:2      | Found Coluq's Antique Armour Boutique.
  2044 | D:2      | Gained mutation: Your natural rate of healing is unusually
                  | fast. [Vine Stalker growth]
  2044 | D:2      | Reached XP level 4. HP: 21/21 MP: 9/9
  2084 | D:2      | Found Soatuz's General Store.
  2240 | D:2      | Found a faded altar of an unknown god.
  2269 | D:2      | Prayed at the altar of an unknown god.
  2269 | D:2      | Became a worshipper of Fedhas Madash
  2269 | D:2      | Reached * piety under Fedhas
  2411 | D:2      | Found Lyledibb's Book Shop.
  2423 | D:2      | Learned a level 3 spell: Frozen Ramparts
  2427 | D:2      | Learned a level 3 spell: Ozocubu's Armour
  3205 | D:3      | Found Xilujuw's Armour Emporium.
  3229 | D:3      | Found a shimmering altar of Xom.
  3319 | D:3      | Reached XP level 5. HP: 24/24 MP: 4/10
  3520 | D:3      | Reached ** piety under Fedhas
  4569 | D:3      | Reached XP level 6. HP: 28/28 MP: 7/12
  4770 | D:3      | Reached skill level 1 in Invocations
  5454 | D:3      | Reached skill level 5 in Ice Magic
  5866 | D:4      | Reached skill level 1 in Armour
  6201 | D:4      | Reached XP level 7. HP: 19/32 MP: 1/13
  6710 | D:4      | Reached skill level 5 in Stealth
  6877 | D:4      | Identified the +1 ring mail of Indemnity {Fly}
  6943 | D:4      | Found a bloodstained altar of Trog.
  7123 | D:5      | Entered Level 5 of the Dungeon
  7449 | D:5      | Gained mutation: You have razor-sharp teeth. [Vine Stalker
                  | growth]
  7449 | D:5      | Reached XP level 8. HP: 26/36 MP: 8/15
  7449 | D:5      | Noticed a hornet
  7458 | D:5      | Killed a hornet
  7898 | D:5      | Learned a level 3 spell: Lesser Beckoning
  7988 | D:5      | Reached *** piety under Fedhas
  8160 | D:5      | Found an opulent altar of Gozag.
  8408 | D:5      | Reached skill level 1 in Translocations
  8845 | D:6      | Reached skill level 5 in Spellcasting
  8877 | D:6      | Found a staircase to the Ecumenical Temple.
  9126 | D:6      | Noticed Blork the orc
  9134 | D:6      | Killed Blork the orc
  9135 | D:6      | Reached XP level 9. HP: 39/39 MP: 17/17
  9147 | D:6      | Found a glowing drain.
  9179 | Sewer    | Entered a sewer
  9251 | Sewer    | Reached **** piety under Fedhas
  9822 | D:6      | Noticed Prince Ribbit
  9833 | D:6      | Slain by Prince Ribbit

Illustrated notes

Levels and vault maps discovered:
D:1:      lemuel_arrival_behind_the_door_small, layout_basic,
          minmay_pentomino_r4
D:2:      layout_loops_ring, serial_shops, shop, nicolae_shop_window_shopping,
          nicolae_shop_hallway_plus, shop, shop,
          hellmonk_ecumenical_altar_zigzags, kennysheep_cross_room,
          serial_park_tiny_2, hangedman_decor_diamond_cutter,
          minmay_misc_feat_ornament, lemuel_flame_loot_1
D:3:      layout_loops_corners, old_standard_altar, serial_shops, shop,
          wander_ebering_terrifying_dragon_lair
D:4:      layout_cave_pools, general_overflow_altar
D:5:      layout_basic, nicolae_gozag_cash_rules_everything_around_me,
          st_stairs_3
D:6:      layout_basic, minmay_temple_entry_trees, gup_sewer_entry_glass,
          uniq_blork_the_orc, uniq_prince_ribbit1

Skill      XL: |  1  2  3  4  5  6  7  8  9 |
---------------+----------------------------+-----
Stealth        | 3 4 5 6 |  6.7
Dodging        | 2 3 4 |  4.3
Spellcasting   | 3 4 5 |  5.2
Invocations    | 1 2 3 |  3.9
Ice Magic      | 5 6 |  6.4
Armour         | 1 2 3 |  3.1
Translocations | 1 2 |  2.0

Action                   |  1- 3 |  4- 6 |  7- 9 || total
-------------------------+-------+-------+-------++-------
Melee: Unarmed           |     6 |       |       ||     6
       Bite              |    11 |    11 |   114 ||   136
       Dagger            |    24 |    53 |   343 ||   420
       Punch             |       |       |     5 ||     5
 Cast: Freeze            |    46 |    87 |    16 ||   149
       Frozen Ramparts   |       |       |    13 ||    13
       Ozocubu's Armour  |       |       |     1 ||     1
Invok: Wall of Briars    |       |     1 |     1 ||     2
Evoke: Wand              |       |       |     1 ||     1
  Use: Scroll            |       |    13 |     3 ||    16
 Stab: Sleeping          |     5 |     6 |     7 ||    18
       Distracted        |       |       |     1 ||     1
Armor: Robe              |    10 |    21 |       ||    31
       Leather armour    |       |    12 |    88 ||   100
Dodge: Dodged            |    38 |    82 |   177 ||   297

Table legend: (Time is in decaauts)
 A = Elapsed time spent in this place.
 B = Non-inter-level travel time spent in this place.
 C = Inter-level travel time spent in this place.
 D = Time resting spent in this place.
 E = Time spent auto-exploring this place.
 F = Levels seen in this place.
 G = Mean time per level.
                   A        B        C        D        E       F      G
               +--------+--------+--------+--------+--------+-----+--------+
         Total |   9890 |   9736 |    154 |   3621 |   4105 |   7 | 1412.9 |
       Dungeon |   9426 |   9272 |    154 |   3582 |   3962 |   6 | 1571.0 |
         Sewer |    464 |    464 |      0 |     39 |    143 |   1 |  464.0 |
               +--------+--------+--------+--------+--------+-----+--------+

Top non-repeatable levels by time:
     D:3: 2283 daAuts
     D:2: 2096 daAuts
     D:5: 1622 daAuts
     D:1: 1395 daAuts
     D:4: 1350 daAuts
     D:6: 678 daAuts
   Sewer: 464 daAuts
